 Dungeon Crawl Stone Soup version 0.19-a0-1007-g133f65f (webtiles) character file.

242 epen the Changer (level 5, -3/42 HPs)
             Began as a Draconian Transmuter on July 21, 2016.
             Was a Follower of Fedhas.
             Slain by Edmund
             ... wielding a +3 flail of crushing
              (7 damage)
             ... on level 4 of the Dungeon.
             The game lasted 00:05:46 (3548 turns).

epen the Changer (Draconian Transmuter)             Turns: 3548, Time: 00:05:47

Health: -3/42      AC:  5    Str: 14    XL:     5   Next: 81%
Magic:  7/9        EV: 12    Int: 14    God:    Fedhas [*.....]
Gold:   253        SH:  0    Dex: 12    Spells: 3 memorised, 4 levels left

rFire  . . .     SeeInvis .       - Unarmed
rCold  . . .     Gourm    .     (armour unavailable)
rNeg   . . .     Faith    .     (no shield)
rPois  .         Spirit   .     (helmet restricted)
rElec  .         Dismiss  .     (no cloak)
rCorr  .         Reflect  .     (no gloves)
SustAt .         Harm     .     (no boots)
MR     .....                    o - amulet of rage
Stlth  +.........               (no ring)
                                j - +2 ring of strength

@: drained, not resistant to hostile enchantments, very unstealthy
A: unfitting armour, cold-blooded, AC +5
a: Evolution, Renounce Religion, Evoke Berserk Rage


You were on level 4 of the Dungeon.
You worshipped Fedhas.
Fedhas was aware of your devotion.
You were not hungry.

You visited 1 branch of the dungeon, and saw 4 of its levels.

You collected 253 gold pieces.

Inventory:

Missiles
 a - 33 arrows
Jewellery
 j - a +2 ring of strength (left hand)
 o - an amulet of rage (around neck)
Scrolls
 c - a scroll of identify
 e - a scroll of teleportation
 m - a scroll of random uselessness
 r - 2 scrolls of magic mapping
Potions
 f - 2 potions of curing
 g - a potion of cure mutation {unknown}
 i - a potion of heal wounds {unknown}
 k - a potion of might
 n - 2 potions of brilliance
 p - a potion of cancellation
 q - a potion of degeneration {unknown}
Books
 b - a book of Changes

   Spells                             Type                      Level
   a - Beastly Appendage              Transmutation                1
   b - Sticks to Snakes               Transmutation                2
   c - Spider Form                    Transmutation/Poison         3
   d - Ice Form                       Ice/Transmutation            4
   e - Blade Hands                    Transmutation                5
Comestibles
 l - a slice of pizza
 s - 3 beef jerkies


   Skills:
 + Level 2.5(1.8) Fighting
 + Level 2.7(2.1) Dodging
 + Level 3.5(2.9) Unarmed Combat
 * Level 3.1(2.5) Spellcasting
 * Level 3.9(3.2) Transmutations


You had 4 spell levels left.
You knew the following spells:

 Your Spells              Type           Power        Failure   Level  Hunger
a - Beastly Appendage     Tmut           ##....       10%         1    #......
b - Sticks to Snakes      Tmut           ##......     12%         2    ###....
c - Spider Form           Tmut/Pois      #.........   38%         3    ###....


Dungeon Overview and Level Annotations

Branches:
Dungeon (4/15)             Temple (0/1) D:4

Altars:
Fedhas
Gozag
Qazlal
Xom

Annotations:
D:4 Edmund


Innate Abilities, Weirdness & Mutations

Your plain brown scales are hard. (AC +5)
Your body does not fit into most forms of armour.
You are cold-blooded and may be slowed by cold attacks.


Message History

Edmund is severely wounded.
You hit Edmund but do no damage.
Edmund looks as sick as possible!
Edmund is severely wounded.
Edmund misses you.
You hit Edmund but do no damage.
Edmund looks as sick as possible!
Edmund is severely wounded.
Edmund hits you with a flail of crushing.
* * * LOW HITPOINT WARNING * * *
x2 You hit Edmund but do no damage.
Edmund looks as sick as possible!
Edmund is severely wounded.
Your transformation has ended.
Edmund closely misses you.
You barely miss Edmund.
Edmund is almost dead.
You hit Edmund but do no damage.
Edmund is almost dead.
Edmund says, "Everyone always remembers my brother. 'Who's Edmund?' they ask!"
Edmund hits you with a flail of crushing!
You die...
Fedhas appreciates your contribution to the ecosystem.

#....#,,,,,#########,,,,,,,,,,***
###..#,,,,,,,,,,,,,,,,,,,,,,***,*
######⌠,,,,,,,,,,,,,,,,,,,*** *,*
#.####****,,,,,,,,,,,******* *,*
##.#<#,* *****###########*,* *,*
##.##,* *.........$,,* *,* #.#*,*
*,......###*** *,*
#.#*,**########........******,*
#.#*,**......@@..#****,,,,,,,,*
#.#*,**.########.# **********
#.#*,,,,* #.# ###.#******
#.############## ....#
#............... #####
################


You could see Edmund.

Vanquished Creatures
  An orc priest (D:3)
  An orc wizard (D:3)
  A worker ant (D:4)
  Robin (D:2)
  5 adders
  3 oozes
  2 worms (D:2)
  A dart slug (D:2)
  4 giant geckos
  6 orcs
  3 giant cockroaches (D:2)
  10 goblins
  6 hobgoblins
  4 jackals
  10 bats
  A giant cockroach zombie (D:1)
  A giant gecko skeleton (D:4)
  6 giant newts
  9 kobolds
  10 rats
85 creatures vanquished.

Vanquished Creatures (others)
  An adder (D:2)
  12 toadstools (D:2)
13 creatures vanquished.

Grand Total: 98 creatures vanquished

Notes
Turn   | Place    | Note
-------+----------+-------------------------------------------
     0 | D:1      | epen the Draconian Transmuter began the quest for the Orb.
     0 | D:1      | Reached XP level 1. HP: 16/16 MP: 3/3
   280 | D:1      | Found a shimmering altar of Xom.
   320 | D:1      | Reached XP level 2. HP: 12/23 MP: 5/5
   791 | D:1      | Learned a level 2 spell: Sticks to Snakes
  1002 | D:2      | Reached XP level 3. HP: 28/28 MP: 6/6
  1008 | D:2      | Learned a level 3 spell: Spider Form
  1244 | D:2      | Noticed Robin
  1295 | D:2      | Killed Robin
  1297 | D:2      | Reached XP level 4. HP: 17/36 MP: 5/7
  1503 | D:2      | Found a stormy altar of Qazlal.
  1676 | D:2      | Found a faded altar of an unknown god.
  1785 | D:2      | Became a worshipper of Fedhas Madash
  1785 | D:2      | Reached * piety under Fedhas
  2328 | D:3      | Found an opulent altar of Gozag.
  2403 | D:3      | Reached XP level 5. HP: 26/42 MP: 2/9
  3530 | D:4      | Noticed Edmund
  3548 | D:4      | Slain by Edmund

Vault maps used:
D:1:      dpeg_arrival_signposts, xom_teletrap_fun
D:2:      minmay_diamond_boxcup, ecumenical_altar_2, grunt_qazlal_clouds,
          uniq_robin
D:3:      nicolae_gozag_seed_capital
D:4:      kennysheep_spiral_hall, uniq_edmund

Skill      XL: |  1  2  3  4  5 |
---------------+----------------+-----
Dodging        | 2 |  2.7
Transmutations | 3 |  3.9
Fighting       | 2 |  2.5
Spellcasting   | 3 |  3.1
Unarmed Combat | |  3.5

Action                   |  1- 3 |  4- 6 || total
-------------------------+-------+-------++-------
Melee: Unarmed           |   130 |   209 ||   339
       Tailslap          |    11 |    14 ||    25
       Punch             |       |     2 ||     2
 Cast: Spider Form       |     1 |     8 ||     9
  Use: Scroll            |       |     8 ||     8
       Potion            |       |     2 ||     2
 Stab: Sleeping          |     1 |     4 ||     5
  Eat: Chunk             |     1 |     6 ||     7
       Bread ration      |       |     1 ||     1
Armor: Skin              |    49 |    48 ||    97
Dodge: Dodged            |   101 |   162 ||   263
